 Dungeon Crawl Stone Soup version 0.21.1-1-g345015f (webtiles) character file.

158 HammerPanzer the Cudgeler (level 5, 0/63 HPs)
             Began as a Demonspawn Berserker on Apr 3, 2018.
             Was a Believer of Trog.
             Succumbed to Sigmund's poison
             ... on level 3 of the Dungeon.
             The game lasted 00:04:42 (1771 turns).

HammerPanzer the Cudgeler (Demonspawn Berserker)    Turns: 1771, Time: 00:04:44

Health: 0/63       AC: 22    Str: 18    XL:     5   Next: 16%
Magic:  5/5        EV:  2    Int:  9    God:    Trog [**....]
Gold:   129        SH:  8    Dex: 12    Spells: 4/4 levels left

rFire    . . .     SeeInvis .   p - +0 mace (crush)
rCold    . . .     Gourm    .   e - +1 shield
rNeg     + + +     Faith    .   (armour currently unavailable)
rPois    +         Spirit   .   (helmet currently unavailable)
rElec    .         Reflect  .   (cloak currently unavailable)
rCorr    .         Harm     .   (gloves currently unavailable)
MR       .....     NoTele   +   (boots currently unavailable)
Stlth    +.........             (no amulet)
HPRegen  0.20/turn              (no ring)
MPRegen  0.09/turn              (no ring)

@: lethally poisoned (0 -> -38), tree-form, berserk cooldown, slowed, very slow
A: powered by death 2
a: Berserk, Trog's Hand, Burn Spellbooks, Renounce Religion


You were on level 3 of the Dungeon.
You worshipped Trog.
Trog was pleased with you.
You were hungry.
You were a tree.
You visited 1 branch of the dungeon, and saw 3 of its levels.

You collected 129 gold pieces.

Inventory:

Hand Weapons
 p - a +0 mace of crushing (weapon)
Armour
 b - a +0 helmet (melded)
 d - a +0 plate armour (melded)
 e - a +1 shield (worn)
 o - a +1 cloak (melded)
Scrolls
 g - a scroll of remove curse
 h - 2 scrolls of teleportation {unknown}
 k - a scroll of identify {unknown}
 n - a scroll of fear {unknown}
Potions
 i - a potion of heal wounds {unknown}
 j - 2 potions of lignification
 l - 3 potions of ambrosia {unknown}
 m - a potion of agility {unknown}
Comestibles
 c - 3 rations
 f - 6 chunks of flesh


   Skills:
 + Level 4.1 Fighting
 * Level 4.7 Maces & Flails
 - Level 1.7 Armour
 - Level 1.7 Dodging


You had 4 spell levels left.
You didn't know any spells.

Dungeon Overview and Level Annotations

Branches:
Dungeon (3/15)

Altars:
Qazlal

Annotations:
D:3 Grinder, Sigmund


Innate Abilities, Weirdness & Mutations

((You have sharp fingernails.))
((You are partially covered in icy blue scales. (AC +2)))
You regenerate health from kills.


Message History

You feel yourself slow down.
You feel sick.
Grinder shouts!
Sigmund hits you with a scythe of venom.
You are more poisoned.
The gnoll hits you but does no damage.
You barely miss Sigmund.
Sigmund is almost dead.
* * * LOW HITPOINT WARNING * * *
You feel very sick. The gnoll hits you with a spear.
* * * LOW HITPOINT WARNING * * *
Sigmund hits you with a scythe of venom.
* * * LOW HITPOINT WARNING * * *
You are more poisoned.
Grinder blinks!
It was a potion of lignification.
You turn into a tree.
Your +1 cloak melds into your body.
Your +0 helmet melds into your body.
Your +0 plate armour melds into your body.
Your roots penetrate the ground.
You die...

##.# ...# ##
#... ...###
... ..$. ..##
#. ..##§..
....##.gg#
......@g####
...####♣)..#
##### ####.##
#...# #..###
#...#
##...#####...#
###....##...#
####.(....#
####....#
#.......#
#..###.<.#


You could see Sigmund, a gnoll, a hobgoblin and a goblin.

Vanquished Creatures
  Crazy Yiuf (D:2)
  4 adders (D:2)
  3 gnolls (D:3)
  A worm (D:2)
  2 dart slugs (D:2)
  An orc (D:3)
  6 giant cockroaches
  5 hobgoblins
  8 jackals (D:1)
  6 kobolds
  A quokka (D:2)
  4 bats
  4 frilled lizards
  7 goblins
  4 rats
57 creatures vanquished.

Notes
Turn   | Place    | Note
-------+----------+-------------------------------------------
     0 | D:1      | HammerPanzer the Demonspawn Berserker began the quest for the Orb.
     0 | D:1      | Reached XP level 1. HP: 18/18 MP: 1/1
   350 | D:1      | Gained mutation: You have sharp fingernails. [demonic ancestry]
   350 | D:1      | Reached XP level 2. HP: 24/24 MP: 2/2
   777 | D:2      | Gained mutation: You regenerate a little health from kills. [demonic ancestry]
   777 | D:2      | Reached XP level 3. HP: 29/29 MP: 3/3
   846 | D:2      | Reached ** piety under Trog
   980 | D:2      | Found a stormy altar of Qazlal.
  1069 | D:2      | Gained mutation: You are partially covered in icy blue scales. (AC +2) [demonic ancestry]
  1069 | D:2      | Reached XP level 4. HP: 26/37 MP: 4/4
  1661 | D:2      | Found a runed door.
  1665 | D:2      | Noticed Crazy Yiuf
  1672 | D:2      | Killed Crazy Yiuf
  1752 | D:3      | Noticed Sigmund
  1752 | D:3      | Gained mutation: You regenerate health from kills. [demonic ancestry]
  1752 | D:3      | Reached XP level 5. HP: 39/42 MP: 5/5
  1769 | D:3      | Noticed Grinder
  1771 | D:3      | Succumbed to Sigmund's poison

Skill      XL: |  1  2  3  4 |
---------------+-------------+-----
Maces & Flails | 3 4 |  4.7
Fighting       | 4 |  4.1
Armour         | |  1.7
Dodging        | |  1.7

Action                   |  1- 3 |  4- 6 || total
-------------------------+-------+-------++-------
Melee: Mace              |   151 |    72 ||   223
Invok: Berserk           |     1 |     2 ||     3
  Use: Scroll            |     5 |       ||     5
       Potion            |       |     1 ||     1
  Eat: Chunk             |     2 |     3 ||     5
Armor: Plate armour      |   135 |    47 ||   182
       Animal skin       |     5 |       ||     5
Dodge: Dodged            |    30 |     8 ||    38
Block: Shield            |    77 |    26 ||   103
